General information
- name: BNet
- type: Ladder team game (AT/RT)
- host: Battle.net
- saver: timg4strok
map: TranquilPaths
- players: 4
- length: 20:17
- speed: Fast
- version: 1.21 W3XP
- replay type:

» download(112 KB)
Players
team 1 (loser)
7.56 (
pink | 92 APM | 1370 actions | 14:55)
3 Blademaster
2 Wind Walk
1 Critical Strike
2 Shadow Hunter
1 Hex
1 Healing Wave
» actions
| Assign group hotkey | 10 | |
| Basic commands | 21 | |
| Build / train | 41 | |
| Enter build submenu | 14 | |
| Enter hero's abilities submenu | 5 | |
| Give item / drop item | 1 | |
| Right click | 866 | |
| Select / deselect | 297 | |
| Select group hotkey | 48 | |
| Use ability | 67 | |
1370 total
» units
| Peon | 7 | |
| Grunt | 4 | |
| Raider | 6 | |
| Spirit Walker | 2 | |
| Demolisher | 3 | |
22 total
» upgrades
| Ensnare | 1 | |
| Armor | 1 | |
| Spirit Walker Training | 1 | |
3 total
» buildings
| Altar of Storms | 1 | |
| Barracks | 1 | |
| Orc Burrow | 6 | |
| Voodoo Lounge | 1 | |
| Stronghold | 2 | |
| Beastiary | 2 | |
| War Mill | 1 | |
| Spirit Lodge | 1 | |
15 total
» build order
00:04 Altar of Storms
00:07 Barracks
00:25 Orc Burrow
01:44 Orc Burrow
02:07 Voodoo Lounge
03:11 Stronghold
04:11 Orc Burrow
05:05 Orc Burrow
05:46 Beastiary
05:48 Beastiary
06:29 War Mill
07:33 Spirit Lodge
08:42 Orc Burrow
09:17 Orc Burrow
» items
| Healing Salve | 3 | |
| Lesser Clarity Potion | 2 | |
| Scroll of Speed | 1 | |
| Scroll of Town Portal | 1 | |
7 total
CovaLe (
purple | 73 APM | 1483 actions | 20:15)
2 Archmage
1 Summon Water Elemental
1 Brilliance Aura
1 Mountain King
1 Storm Bolt
» actions
| Assign group hotkey | 1 | |
| Basic commands | 154 | |
| Build / train | 55 | |
| Enter build submenu | 28 | |
| Enter hero's abilities submenu | 3 | |
| Remove unit from queue | 11 | |
| Right click | 722 | |
| Select / deselect | 436 | |
| Select group hotkey | 3 | |
| Use ability | 70 | |
1483 total
» units
| Peasant | 10 | |
| Footman | 10 | |
| Spell Breaker | 3 | |
| Rifleman | 4 | |
| Priest | 1 | |
| Sorceress | 1 | |
| Mortar Team | 1 | |
30 total
» upgrades
| Defend | 1 | |
| Long Rifles | 1 | |
| Gunpowder | 1 | |
| Priest Training | 1 | |
| Sorceress Training | 1 | |
5 total
» buildings
| Altar of Kings | 1 | |
| Farm | 7 | |
| Barracks | 1 | |
| Arcane Vault | 1 | |
| Town Hall | 2 | |
| Scout Tower | 8 | |
| Keep | 1 | |
| Lumber Mill | 1 | |
| Guard Tower | 1 | |
| Blacksmith | 1 | |
| Arcane Sanctum | 2 | |
| Workshop | 1 | |
| Cannon Tower | -1 | |
26 total
» build order
00:07 Altar of Kings
00:08 Farm
00:20 Barracks
00:48 Farm
01:57 Arcane Vault
02:04 Farm
04:52 Town Hall
04:57 Scout Tower
05:00 Scout Tower
05:02 Scout Tower
06:45 Keep
07:15 Lumber Mill
07:57 Town Hall
08:05 Scout Tower
08:34 Guard Tower
08:36 Scout Tower
09:03 Guard Tower
10:06 Blacksmith
10:08 Arcane Sanctum
10:13 Arcane Sanctum
11:34 Farm
12:44 Farm
13:24 Farm
14:02 Workshop
15:07 Farm
15:36 Scout Tower
16:04 Guard Tower
16:06 Cannon Tower
16:17 Scout Tower
16:24 Scout Tower
17:11 Guard Tower
» items
| Lesser Clarity Potion | 2 | |
| Scroll of Regeneration | 1 | |
| Scroll of Town Portal | 2 | |
| Potion of Healing | 2 | |
7 total
team 2 (winner)

»
iggy_the_fisk (
teal | 90 APM | 1826 actions | 20:15)
4 Archmage
2 Summon Water Elemental
2 Brilliance Aura
3 Mountain King
2 Storm Bolt
1 Bash
» actions
| Assign group hotkey | 176 | |
| Basic commands | 24 | |
| Build / train | 81 | |
| Enter build submenu | 27 | |
| Enter hero's abilities submenu | 7 | |
| Give item / drop item | 1 | |
| Remove unit from queue | 1 | |
| Right click | 950 | |
| Select / deselect | 357 | |
| Select group hotkey | 112 | |
| Use ability | 90 | |
1826 total
» units
| Peasant | 10 | |
| Footman | 8 | |
| Sorceress | 8 | |
| Priest | 4 | |
| Spell Breaker | 2 | |
| Mortar Team | 3 | |
35 total
» upgrades
| Defend | 1 | |
| Sorceress Training | 2 | |
| Masonry | 1 | |
| Priest Training | 2 | |
| Magic Sentry | 1 | |
| Fragmentation Shards | 1 | |
| Control Magic | 1 | |
9 total
» buildings
| Altar of Kings | 1 | |
| Farm | 8 | |
| Barracks | 1 | |
| Lumber Mill | 1 | |
| Scout Tower | 6 | |
| Arcane Tower | 1 | |
| Keep | 1 | |
| Arcane Vault | 2 | |
| Arcane Sanctum | 2 | |
| Guard Tower | 13 | |
| Castle | 1 | |
| Town Hall | 1 | |
| Blacksmith | 1 | |
| Workshop | 2 | |
41 total
» build order
00:05 Altar of Kings
00:26 Farm
00:50 Barracks
01:11 Farm
01:25 Farm
01:48 Farm
02:02 Lumber Mill
02:27 Scout Tower
03:04 Arcane Tower
03:54 Keep
04:17 Arcane Vault
06:19 Arcane Sanctum
06:22 Arcane Sanctum
07:32 Farm
09:09 Farm
10:12 Guard Tower
10:14 Guard Tower
10:14 Guard Tower
10:14 Guard Tower
10:24 Scout Tower
10:37 Arcane Vault
10:53 Guard Tower
10:53 Guard Tower
10:53 Guard Tower
10:56 Scout Tower
11:15 Guard Tower
11:17 Scout Tower
11:42 Scout Tower
11:49 Guard Tower
12:28 Guard Tower
13:13 Scout Tower
14:39 Guard Tower
14:39 Guard Tower
14:45 Castle
15:11 Town Hall
15:45 Blacksmith
16:34 Workshop
18:04 Workshop
19:59 Farm
» items
| Scroll of Regeneration | 2 | |
| Potion of Healing | 1 | |
| Ivory Tower | 2 | |
5 total

»
timg4strok (
orange | 105 APM | 2133 actions | 20:17)
4 Death Knight
2 Death Coil
2 Unholy Aura
3 Lich
2 Frost Nova
1 Frost Armor
» actions
| Assign group hotkey | 22 | |
| Basic commands | 51 | |
| Build / train | 38 | |
| Enter build submenu | 14 | |
| Enter hero's abilities submenu | 7 | |
| Give item / drop item | 1 | |
| Right click | 1004 | |
| Select / deselect | 125 | |
| Select group hotkey | 801 | |
| Use ability | 70 | |
2133 total
» units
| Acolyte | 4 | |
| Ghoul | 2 | |
| Crypt Fiend | 8 | |
| Obsidian Statue | 4 | |
18 total
» upgrades
| Burrow | 1 | |
| Web | 1 | |
| Destroyer Form | 1 | |
3 total
» buildings
| Graveyard | 1 | |
| Crypt | 1 | |
| Ziggurat | 8 | |
| Altar of Darkness | 1 | |
| Nerubian Tower | 1 | |
| Tomb of Relics | 1 | |
| Halls of the Dead | 1 | |
| Slaughterhouse | 1 | |
| Black Citadel | 1 | |
| Spirit Tower | 2 | |
| Sacrificial Pit | 1 | |
19 total
» build order
00:07 Graveyard
00:09 Crypt
00:32 Ziggurat
00:49 Altar of Darkness
01:40 Ziggurat
02:09 Nerubian Tower
02:44 Tomb of Relics
03:45 Ziggurat
04:30 Halls of the Dead
05:32 Ziggurat
06:57 Slaughterhouse
07:01 Ziggurat
08:48 Black Citadel
14:47 Spirit Tower
15:23 Sacrificial Pit
15:25 Ziggurat
15:26 Ziggurat
15:27 Ziggurat
16:26 Spirit Tower
» items
| Rod of Necromancy | 1 | |
| Scroll of Town Portal | 1 | |
2 total
Chat log
(00:12 / Allies) timg4strok: 10g0
(00:54 / Allies) timg4strok: what races
(00:58 / Allies) timg4strok: im eating LUNCH sorry
(08:19 / All) CovaLe: fuckin maphackers
(08:39 / All) CovaLe: UD i know u maphack
(08:45 / All) timg4strok: yep
(10:05 / All) timg4strok: owned!!
(11:05 / All) timg4strok: nice tp : -D
(11:11 / All) 7.56: thx
(12:42 / All) timg4strok: lmao noobs!
(12:52 / All) 7.56: lmao teal blows dick
(13:07 / All) iggy_the_fisk: good thing i have towers...
(13:08 / All) 7.56: if u didnt mh and jack me and purp all game this game woulda been over
(13:12 / All) timg4strok: lmfao.
(13:18 / All) timg4strok: he tries to fast expand next to my base
(13:21 / All) timg4strok: and you call me hacker.
(13:29 / All) CovaLe: you
(13:34 / All) CovaLe: creep jacked twice
(13:40 / All) timg4strok: i play this game a lot
(13:44 / All) CovaLe: showed up RIGHT when i start to up it
(13:46 / All) timg4strok: i know what people like to creep
(13:46 / All) CovaLe: two times
(13:55 / All) 7.56: chance u would just go right to ur teammates orange creep on other side of map?
(14:02 / All) timg4strok: other side of map?
(14:07 / All) timg4strok: hes human and 10 feet from my base
(14:09 / All) CovaLe: jack at the shop
(14:11 / All) CovaLe: ROF
(14:14 / All) CovaLe: TEN FEET?
(14:14 / All) iggy_the_fisk: haha right
(14:15 / All) 7.56: ur fighting at top right all game and jack me bottom left?
(14:17 / All) CovaLe: U SEE THE MINIMAP
(14:21 / All) timg4strok: i saw you walk that way retard
(14:26 / All) 7.56: i bet
(14:27 / All) iggy_the_fisk: when we saw your army outside my base then raider run to that shop
(14:29 / All) 7.56: gg nice mh
(14:31 / All) timg4strok: check replay noob shit
(14:32 / All) iggy_the_fisk: the shop
(14:37 / All) timg4strok: lmfao
(14:41 / All) timg4strok: noobs bad, claim maphack
(14:45 / All) 7.56: lol
(14:49 / All) 7.56: yeah
(14:54 / All) 7.56: fuckin trash
(14:57 / All) timg4strok: lmfao
(15:00 / All) timg4strok: thanks for free win.
(15:09 / All) timg4strok: leave noob
(15:10 / All) timg4strok: bye
(15:12 / All) CovaLe: naa
(15:18 / All) timg4strok: are you towering i hope you are
(16:09 / All) iggy_the_fisk: we finally give you time to expand and you dont
(16:21 / All) iggy_the_fisk: you try a thousand times but not now come one
(16:34 / All) timg4strok: no micro no skill etc
(17:16 / All) timg4strok: leave
(17:54 / All) timg4strok: leave
(17:59 / All) CovaLe: naa
(18:15 / All) timg4strok: dont make me disc hack u...
(18:21 / All) CovaLe: have fun
(18:32 / All) CovaLe: btw
(18:35 / All) CovaLe: im sending that
(18:37 / All) CovaLe: to bliz
(18:39 / All) CovaLe: screenshot
(18:40 / All) timg4strok: dont please
(18:43 / All) iggy_the_fisk: no
(18:47 / All) CovaLe: accnt banned
(18:49 / All) CovaLe: in 2 weeks
(18:51 / All) CovaLe: next patch
(18:52 / All) timg4strok: i already get my final warning
(19:02 / All) iggy_the_fisk: plz
(19:04 / All) timg4strok: my cd key gonna ban.........my mom yell at me if i have to buy this game a 4th time
(19:07 / All) iggy_the_fisk: mom will kill us...
(19:11 / All) CovaLe: rofl
(19:14 / All) iggy_the_fisk: say jake you not buying that game 5 times
(19:16 / All) CovaLe: if u dont want me to so badly
(19:17 / All) iggy_the_fisk: before you rake the leaves
(19:21 / All) CovaLe: then leave
(19:39 / All) CovaLe: k accnt banned :)
(19:43 / All) timg4strok: no plz
(19:45 / All) CovaLe: and maybe send teals name too
(19:50 / All) timg4strok: have some Sympathy
(19:52 / All) iggy_the_fisk: no please
(20:02 / All) timg4strok: gg........
(20:04 / All) CovaLe: u dont want me to ban u
(20:06 / All) CovaLe: then leave
(20:10 / All) timg4strok: i cant.
(20:14 / All) iggy_the_fisk: ty for free win